 Dungeon Crawl Stone Soup version 0.32-a0-658-g9eff4c5 (webtiles) character file.

Game seed: 4800855406634034903

13318254 Ray the Swordmaster (level 27, 249/249 HPs)
             Began as a Coglin Warper on Mar 8, 2024.
             Was the Champion of Cheibriados.
             Escaped with the Orb
             ... and 15 runes!
             The game lasted 02:14:25 (120702 turns).

Ray the Swordmaster (Coglin Warper)               Turns: 120702, Time: 02:14:26

Health: 249/249    AC: 23    Str: 23    XL:     27
Magic:  63/63      EV: 58    Int: 32    God:    Cheibriados [******]
Gold:   13348      SH:  0    Dex: 44    Spells: 62/80 levels left

rFire   + + +        I - +9 double sword (freeze) {Vusi}
rCold   + + +        R - +9 double sword (heavy) {Iwao}
rNeg    + + +        X - +5 steam dragon scales of the Spheres {^Drain rElec rF++ rCorr}
rPois   ∞            K - +0 hat of Bedevilment {Regen+ Slay+2 Stlth-}
rElec   +            r - +1 cloak "Exyrililey" {Regen+}
rCorr   +            f - +0 pair of gloves
SInv    .            H - +0 pair of boots of Wasted Space {MP+9 Str-4 Dex+3}
Will    +++..        (amulet unavailable)
Stlth   +++          (ring unavailable)
HPRegen 2.21/turn    (ring unavailable)
MPRegen 0.38/turn    L - secondary samoflange {rF+ rC+ Clar RMsl}

%: repel missiles, clarity
@: death-form, studying 3 skills, very slow
A: vile attack, torment immunity, no potions, off-hand wielding, slow wielding,
warmup strikes, no jewellery, cold resistance 1, mutation resistance 1, poison
resistance
0: Orb of Zot
}: 15/15 runes: decaying, serpentine, slimy, silver, golden, iron, obsidian,
icy, bone, abyssal, demonic, glowing, magical, fiery, dark
a: Siphon Essence, Begin Untransformation, Renounce Religion, Bend Time,
Temporal Distortion, Slouch, Step From Time


You escaped.
You worshipped Cheibriados.
Cheibriados was exalted by your worship.
You were an undying horror.
You visited 18 branches of the dungeon, and saw 88 of its levels.
You visited Pandemonium 2 times, and saw 24 of its levels.
You visited the Abyss 2 times.
You also visited: Ossuary, Ice Cave, Volcano and Wizlab.

You collected 17145 gold pieces.
You spent 3797 gold pieces at shops.

Inventory:

Hand Weapons
 I - a +9 double sword of freezing (weapon) {Vusi}
 R - a +9 heavy double sword (offhand) {Iwao}
Missiles
 y - 2 throwing nets
 B - 26 curare-tipped darts (quivered)
Armour
 f - a +0 pair of gloves (worn)
 r - the +1 cloak "Exyrililey" (worn) {Regen+}
   (You found it on level 1 of the Elven Halls)

   Regen+:    It increases your rate of health regeneration.
 H - the +0 pair of boots of Wasted Space (worn) {MP+9 Str-4 Dex+3}
   (You found it on level 7 of Tartarus)

   Str-4:     It affects your strength (-4).
   Dex+3:     It affects your dexterity (+3).
   MP+9:      It affects your magic capacity (+9).
 K - the +0 hat of Bedevilment (worn) {Regen+ Slay+2 Stlth-}
   (You found it on level 7 of Tartarus)

   Slay+2:    It affects your accuracy & damage with ranged weapons and melee
   (+2).
   Regen+:    It increases your rate of health regeneration.
   Stlth-:    It makes you less stealthy.
 U - a +2 cloak of cold resistance
 X - the +5 steam dragon scales of the Spheres (worn) {^Drain rElec rF++ rCorr}
   (You found it on level 3 of the Tomb of the Ancients)

   rF++:      It greatly protects you from fire.
   rElec:     It insulates you from electricity.
   rCorr:     It protects you from acid and corrosion.
   ^Drain:    It drains your maximum health when unequipped.
Gizmo
 L - a secondary samoflange (installed) {rF+ rC+ Clar RMsl}
   (You invented it yourself on level 1 of the Lair of Beasts)

   [secondary samoflange]

   rF+:       It protects you from fire.
   rC+:       It protects you from cold.
   Clar:      It protects you from confusion, rage, mesmerisation and fear.
   RMsl:      It protects you from missiles.
Talismans
 J - the death talisman of Kathenotheism (active) {Int+3}
   (You took it off Josephina on level 4 of the Depths)

   [talisman of death]

   Int+3:     It affects your intelligence (+3).
Wands
 b - a wand of paralysis (149)
 e - a wand of roots (109)
 N - a wand of digging (19)
 O - a wand of quicksilver (39)
Scrolls
 a - 2 scrolls of enchant armour
 d - 9 scrolls of revelation
 j - a scroll of brand weapon
 q - 11 scrolls of fog
 t - 8 scrolls of blinking
 u - 7 scrolls of butterflies
 z - 28 scrolls of teleportation
 D - a scroll of enchant weapon
 E - 4 scrolls of silence
 G - 7 scrolls of immolation {!r!r}
 Q - 11 scrolls of fear
Potions
 g - 7 potions of mutation
 i - 2 potions of resistance
 k - 9 potions of cancellation
 l - 10 potions of brilliance
 m - 4 potions of enlightenment
 o - 31 potions of curing
 p - 6 potions of ambrosia
 v - 10 potions of magic
 w - 16 potions of attraction
 x - 13 potions of lignification {!q!q}
 C - 6 potions of invisibility
 M - 21 potions of heal wounds
 W - 5 potions of might
Miscellaneous
 c - a condenser vane
 A - a phantom mirror
 F - a phial of floods
 P - a figurine of a ziggurat
 S - a lightning rod (4/4)
 T - a box of beasts


   Skills:
 O Level 27 Fighting
 O Level 27 Long Blades
 - Level 0.8 Throwing
 + Level 25.4 Armour
 O Level 27 Dodging
 + Level 18.2 Stealth
 O Level 27 Spellcasting
 - Level 6.8 Necromancy
 - Level 19.0 Translocations
 - Level 9.0 Evocations
 - Level 23.0 Shapeshifting


You had 62 spell levels left.
You knew the following spells:

 Your Spells              Type           Power      Damage    Failure   Level
a - Blink                 Tloc           100%       N/A       0%          2
b - Lesser Beckoning      Tloc           100%       N/A       0%          2
c - Manifold Assault      Tloc           100%       N/A       0%          4
d - Vhi's Electric Charg  Tloc/Air       100%       N/A       1%          4
e - Apportation           Tloc           100%       N/A       0%          1
f - Passwall              Erth           43%        N/A       1%          3
g - Sublimation of Blood  Necr           72%        N/A       1%          2

Your spell library contained the following spells:

 Spells                   Type           Power      Damage    Failure   Level
 Momentum Strike          Conj/Tloc      100%       3d10      0%          2
 Gell's Gravitas          Tloc           100%       N/A       0%          3
 Teleport Other           Tloc           100%       N/A       0%          3
 Passage of Golubria      Tloc           100%       N/A       0%          4
 Foxfire                  Conj/Fire      100%       2x1d9     1%          1
 Kiss of Death            Conj/Necr      100%       2d13      1%          1
 Magic Dart               Conj           100%       1d8       1%          1
 Necrotise                Necr           100%       1d9       1%          1
 Sandblast                Erth           86%        2d18      1%          1
 Shock                    Conj/Air       100%       1d9       1%          1
 Slow                     Hex            100%       N/A       1%          1
 Sting                    Conj/Alch      100%       1d9       1%          1
 Summon Small Mammal      Summ           100%       N/A       1%          1
 Call Imp                 Summ           86%        N/A       1%          2
 Cigotuvi's Dreadful Rot  Necr/Alch/Air  100%       N/A       1%          2
 Ensorcelled Hibernation  Hex/Ice        86%        N/A       1%          2
 Jinxbite                 Hex            86%        N/A       1%          2
 Mercury Vapours          Alch/Air       86%        N/A       1%          2
 Scorch                   Fire           86%        2d8       1%          2
 Searing Ray              Conj           86%        2d7       1%          2
 Static Discharge         Conj/Air       86%        3-7/arc   1%          2
 Call Canine Familiar     Summ           43%        N/A       1%          3
 Confusing Touch          Hex            43%        N/A       1%          3
 Dazzling Flash           Conj/Hex       86%        N/A       1%          3
 Frozen Ramparts          Ice            86%        1d13      1%          3
 Fugue of the Fallen      Necr           72%        N/A       1%          3
 Hailstorm                Conj/Ice       43%        3d9       1%          3
 Inner Flame              Hex/Fire       43%        N/A       1%          3
 Ozocubu's Armour         Ice            43%        N/A       1%          3
 Sigil of Binding         Hex            43%        N/A       1%          3
 Stone Arrow              Conj/Erth      86%        3d12      1%          3
 Summon Ice Beast         Ice/Summ       43%        N/A       1%          3
 Swiftness                Air            43%        N/A       1%          3
 Tukima's Dance           Hex            43%        N/A       1%          3
 Vampiric Draining        Necr           72%        2d11      1%          3
 Volatile Blastmotes      Fire/Tloc      100%       2d18      1%          3
 Anguish                  Hex/Necr       30%        N/A       1%          4
 Animate Dead             Necr           72%        N/A       1%          4
 Dimensional Bullseye     Hex/Tloc       40%        N/A       1%          4
 Dispel Undead            Necr           72%        3d24      1%          4
 Iskenderun's Mystic Bla  Conj/Tloc      81%        2d16      1%          4
 Martyr's Knell           Necr/Summ      60%        N/A       1%          4
 Curse of Agony           Necr           72%        N/A       1%          5
 Summon Forest            Summ/Tloc      40%        N/A       1%          5
 Dispersal                Tloc           52%        N/A       1%          6
 Disjunction              Tloc           52%        N/A       1%          8
 Borgnjor's Vile Clutch   Necr/Erth      30%        N/A       3%          5
 Death Channel            Necr           36%        N/A       4%          6
 Airstrike                Air            21%        2d(4-20)  5%          4
 Animate Armour           Summ/Erth      86%        N/A       5%          4
 Brom's Barrelling Bould  Conj/Erth      43%        2d6       5%          4
 Cause Fear               Hex            21%        N/A       5%          4
 Flame Wave               Conj/Fire      43%        2d11      5%          4
 Fulminant Prism          Conj/Alch      21%        3d12      5%          4
 Ignite Poison            Fire/Alch      43%        N/A       5%          4
 Leda's Liquefaction      Alch/Erth      21%        N/A       5%          4
 Olgreb's Toxic Radiance  Alch           43%        N/A       5%          4
 Petrify                  Alch/Erth      43%        N/A       5%          4
 Sticky Flame             Fire/Alch      43%        2d8       5%          4
 Summon Blazeheart Golem  Fire/Summ      43%        N/A       5%          4
 Summon Lightning Spire   Summ/Air       43%        N/A       5%          4
 Malign Gateway           Summ/Tloc      40%        N/A       9%          7
 Alistair's Intoxication  Alch           28%        N/A       14%         5
 Arcjolt                  Conj/Air       21%        1d31      14%         5
 Fireball                 Conj/Fire      21%        3d10      14%         5
 Freezing Cloud           Conj/Ice/Air   21%        6-21      14%         5
 Irradiate                Conj/Alch      21%        3d18      14%         5
 Iskenderun's Battlesphe  Conj           43%        2d9       14%         5
 Lee's Rapid Deconstruct  Erth           21%        3d12*     14%         5
 Metabolic Englaciation   Hex/Ice        21%        N/A       14%         5
 Silence                  Hex/Air        21%        N/A       14%         5
 Summon Mana Viper        Hex/Summ       43%        N/A       14%         5
 Yara's Violent Unravell  Hex/Alch       21%        3d10      14%         5
 Bombard                  Conj/Erth      21%        9d4       63%         6
 Conjure Ball Lightning   Conj/Air       21%        3x3d6     63%         6
 Eringya's Noxious Bog    Alch           21%        4d6       63%         6
 Plasma Beam              Fire/Air       21%        2x1d33    63%         6
 Sculpt Simulacrum        Ice/Alch       21%        N/A       63%         6
 Starburst                Conj/Fire      21%        6d7       63%         6
 Summon Cactus Giant      Summ           21%        N/A       63%         6
 Haunt                    Necr/Summ      30%        N/A       75%         7
 Borgnjor's Revivificati  Necr           36%        N/A       91%         8
 Infestation              Necr           36%        N/A       91%         8
 Enfeeble                 Hex            21%        N/A       99%         7
 Monstrous Menagerie      Summ           21%        N/A       99%         7
 Ozocubu's Refrigeration  Ice            21%        4d12      99%         7
 Spellforged Servitor     Conj/Summ      21%        N/A       99%         7
 Summon Hydra             Summ           21%        N/A       99%         7
 Discord                  Hex            21%        N/A       100%        8
 Lehudib's Crystal Spear  Conj/Erth      21%        10d6      100%        8
 Maxwell's Capacitive Co  Air            21%        ∞         100%        8
 Summon Horrible Things   Summ           21%        N/A       100%        8
 Chain Lightning          Conj/Air       21%        3d28      100%        9
 Dragon's Call            Summ           21%        N/A       100%        9
 Fire Storm               Conj/Fire      21%        8d6       100%        9
 Polar Vortex             Ice            21%        12d2*     100%        9
 Shatter                  Erth           21%        3d19*     100%        9


Dungeon Overview and Level Annotations

Branches:
Dungeon (15/15)            Temple (1/1) D:6            Lair (5/5) D:9
  Swamp (4/4) Lair:3        Snake (4/4) Lair:3        Slime (5/5) Lair:4
    Orc (2/2) D:12            Elf (3/3) Orc:2        Vaults (5/5) D:14
  Crypt (3/3) Vaults:2       Tomb (3/3) Crypt:3      Depths (4/4) D:15
   Hell (visited)             Dis (7/7) Hell            Geh (7/7) Hell
    Coc (7/7) Hell            Tar (7/7) Hell            Zot (5/5) Depths:4
Ossuary (visited)           IceCv (visited)         Volcano (visited)
 WizLab (visited)

Altars:
Ashenzari
Cheibriados
Dithmenos
Elyvilon
Fedhas
Gozag
Hepliaklqana
Kikubaaqudgha
Makhleb
Nemelex Xobeh
Okawaru
Qazlal
Ru
Sif Muna
Trog
Uskayaw
Vehumet
Wu Jian
Xom
Yredelemnul
Zin
The Shining One
Beogh
Jiyva

Shops:
D:10 :*   D:13 [   Orc:1 ?   Orc:2 ((([*(:   Snake:2 [==:   Snake:3 (:[[
Snake:4 [   Vaults:1 (   Vaults:2 *=?((   Vaults:5 =

Portals:
Hell: Depths:1 Depths:2 Depths:3 Depths:4
Abyss: Depths:3
Pandemonium: Depths:2
Ziggurat: Depths:4
Trove: D:14 (give 8 scrolls of fog)

Annotations:
D:4 Edmund
D:7 3 runed translucent doors, 1n5z's ghost, novice DEAl
D:12 6 runed translucent doors, Ray's ghost, journeyman OpSh
Lair:3 3 runed translucent doors, Buubuun's ghost, journeyman MDFi


Innate Abilities, Weirdness & Mutations

You are an undying horror.
Your melee and unarmed attacks drain, slow and weaken victims.
You are immune to unholy pain and torment.
You cannot drink.
You can wield a second weapon in your off-hand.
It takes a long time for you to wield or remove held weapons.
Your first few attacks do less damage.
You cannot equip rings or amulets.
Your flesh is cold resistant. (rC+)
You are somewhat resistant to further mutation.
Your system is resistant to poisons. (rPois)


Message History

You chop something into pieces with your +9 heavy double sword!!!
Cheibriados appreciates the change of pace.
Reactivating autopickup.
You feel a bit more experienced.
You swing at nothing.
You swing at nothing.
You swing at nothing.
What level of the Dungeon? (default 1, ? - help) HP restored.
There is a stone staircase leading up here.
You climb upwards.
There is a stone staircase leading down here.
You see here a ring of magical power.
Magic restored.
There is a stone staircase leading up here.
You climb upwards.
Level annotation: Edmund
There is a stone staircase leading down here.
There is a stone staircase leading up here.
You climb upwards.
There is a stone staircase leading down here.
There is a stone staircase leading up here.
You climb upwards.
There is a stone staircase leading down here.
There is a stone staircase leading up here.
You climb upwards.
There is a stone staircase leading down here.
What level of the Dungeon? (default 1, ? - help)
There is a fountain of clear blue water here.
There is an open door here.
There is a staircase leading out of the dungeon here.
You are an undying horror.
You are studying Short Blades, Shields and Translocations.
Your movement speed is very slow.
Your attack delay is about 0.8 (and cannot be improved with additional weapon skill).
Your damage rating with your +9 double sword of freezing {Vusi} is about 72 (Base 15 x 185% (Dex) x 223% (Skill) + 11 (Ench + Slay)).
Your damage rating with your +9 heavy double sword {Iwao} is about 122 (Base [15 + 12 (Hvy)] x 185% (Dex) x 223% (Skill) + 11 (Ench + Slay)).
Your base attributes are Str 12, Int 14, Dex 26.
Unknown command.
You have escaped!

# ##...## #.....####....
###### ##+## #.....#
#.##. ##...# #.# #.....#
#.##† .....#
####.#########....#
#.##. ##...#
#..........######.#
#.##. ##.##
#.#..........# #.# #.###
#.# #......⌠...⌠.# #.#
#.# # #.# #.#.....#'#..#
#.# #.###
#.####.##.#..#z#..####.#
#....
#......##.#..###.......#
#####
#########.#.⌠...⌠.#.####
# #.#.......#.#
#.######....# #.# ######
## ####### #.# #.
......# #.# #. .####.#
#.############ #.


There were no monsters in sight!

Vanquished Creatures
  Cerebov (Pan)
  Asmodeus (Geh:7)
  the Royal Jelly (Slime:5)
  Ereshkigal (Tar:7)
  Ignacio (Pan)
  Gloorx Vloq (Pan)
  Mnoleg (Pan)
  the Serpent of Hell (Tar:7)
  5 dread liches
  A seraph (Pan)
  Dispater (Dis:7)
  7 orbs of fire
  12 ancient liches
  Mennas (Pan)
  3 juggernauts
  Sojobo (Depths:4)
  35 royal mummies
  Josephina (Depths:4)
  Xtahua (Depths:4)
  17 shard shrikes
  5 Killer Klowns
  Vashnia (Snake:4)
  3 curse toes (Zot:5)
  Saint Roka (Crypt:1)
  12 pandemonium lords
  32 caustic shrikes
  11 golden dragons
  Geryon (Hell)
  Nikola (Vaults:1)
  Jory (Depths:4)
  28 profane servitors
  17 Tzitzimimeh
  22 Brimstone Fiends
  A pearl dragon (Pan)
  10 doom hounds
  21 iron giants
  3 electric golems
  10 bone dragons
  9 hellephants
  24 tentacled monstrosities
  28 Orb Guardians
  15 liches
  Rupert (Lair:5)
  2 deep elf blademasters
  32 tainted leviathans
  36 Ice Fiends
  35 Hell Sentinels
  Grunn (Zot:4)
  28 acid blobs
  2 deep elf master archers (Elf:3)
  A walking earthen tome (Depths:3)
  11 titans
  6 quicksilver dragons
  A walking divine tome (Depths:4)
  38 Executioners
  15 searing wretches
  16 sphinxes
  25 ancient champions
  2 thorn hunters (Swamp:4)
  A tentacled starspawn (Abyss:3)
  9 death cobs
  9 tengu reavers
  18 storm dragons
  11 shadow dragons
  Donald (Vaults:2)
  10 protean progenitors
  7 nagarajas
  7 revenants
  10 rockslimes
  2 fenstrider witches
  24 daevas
  18 azure jellies
  7 narguns
  5 draconian monks (Zot:4)
  17 demonspawn warmongers
  37 fire giants
  7 deep elf sorcerers
  14 frost giants
  5 draconian knights
  6 ghost moths
  17 vault wardens
  5 deep elf elementalists
  2 spectral juggernauts
  11 quicksilver elementals
  3 draconian scorchers
  16 shard shrike simulacra
  3 spectral caustic shrikes
  4 iron dragons
  2 orc warlords
  11 curse skulls
  9 draconian shifters
  A ghoul (Crypt:2)
  9 draconian annihilators
  9 demonspawn corrupters (Pan)
  5 draconian stormcallers
  51 balrugs
  51 cacodemons
  37 angels
  12 quicksilver oozes
  36 reapers
  16 ophanim (Pan)
  A spriggan defender (Depths:4)
  8 formless jellyfish
  15 ironbound preservers
  15 stone giants
  10 ironbound thunderhulks
  5 juggernaut skeletons (Pan)
  7 green draconians
  17 demonspawn blood saints (Pan)
  3 caustic shrike skeletons (Pan)
  17 very ugly things
  27 elemental wellsprings
  28 apis (Pan)
  4 vampire knights
  16 demonspawn black suns (Pan)
  4 black draconians
  7 deep elf death magi
  5 red draconians
  31 war gargoyles
  33 putrid mouths
  12 lorocyprocas
  15 deep elf annihilators
  8 yellow draconians
  3 spectral titans
  8 bennus
  19 purple draconians
  3 eleionomae
  8 spark wasps
  9 deep elf demonologists
  7 white draconians
  6 bunyips
  16 wendigos
  33 dire elephants
  21 blizzard demons
  15 iron golems
  6 eidola
  7 statues (WizLab)
  3 spectral krakens (Tar:7)
  24 green deaths
  16 ettins
  A quicksilver dragon zombie (D:15)
  3 shambling mangroves
  17 yaktaur captains
  7 deep elf high priests
  26 mummy priests
  10 fire dragons
  4 spectral quicksilver dragons
  A crystal guardian (Hell)
  2 spectral iron giants (Tar:3)
  A spectral golden dragon (Tar:4)
  15 jiangshi
  A spriggan zombie (Hell)
  10 great orbs of eyes
  4 spectral spriggans
  10 ice dragons
  20 hydras
  16 salamander tyrants
  5 hell beasts (Pan)
  35 vault guards
  18 centaur warriors
  9 rakshasas
  3 peacekeepers
  2 radroaches (Pan)
  3 jorogumos (Pan)
  7 juggernaut simulacra
  7 spriggan air magi
  2 death knights (Crypt:1)
  4 catoblepae
  5 two-headed ogres
  4 ogre magi
  14 caustic shrike simulacra
  4 boulder beetles
  13 ironbound frosthearts
  7 anacondas
  2 ghost crabs
  4 merfolk aquamancers
  A spectral stone giant (Crypt:3)
  7 alligators
  7 tengu warriors
  A two-headed ogre (shapeshifter) (Vaults:5)
  3 deep troll shamans
  24 dancing weapons
  5 orc high priests
  58 death scarabs
  10 deep troll earth magi
  26 stokers
  55 hell hogs
  Urug (Lair:2)
  10 vampire magi
  17 naga sharpshooters
  3 shock serpents (Snake:4)
  8 spriggan berserkers
  8 demonic crawlers (Pan)
  3 spectral dire elephants (Tar:2)
  2 thrashing horrors
  24 spriggans
  20 deep elf knights
  8 naga warriors
  58 soul eaters
  3 spectral emperor scorpions (Pan)
  114 sun demons
  A titan skeleton (Abyss:1)
  18 crystal echidnas
  9 hell knights
  A spatial maelstrom (Abyss:3)
  Sonja (D:13)
  7 hellephant skeletons (Pan)
  A spectral catoblepas (Crypt:3)
  Amaemon (Lair:3)
  8 iron trolls
  2 wretched stars (Abyss:3)
  2 skysharks
  A storm dragon skeleton (D:15)
  An emperor scorpion zombie (Crypt:3)
  A spectral anaconda (Tar:2)
  59 sixfirhies
  4 goliath frogs
  26 skeletal warriors
  23 shadow wraiths
  A death drake (Swamp:2)
  A spectral bunyip (Tar:2)
  An anaconda zombie (Crypt:3)
  10 flayed ghosts
  8 mana vipers
  44 deep trolls
  12 arcanists
  33 shadow demons (Pan)
  11 quicksilver dragon simulacra
  A spectral hydra (Tar:5)
  7 spriggan druids
  11 glowing orange brains
  A golden dragon zombie (Hell)
  5 spriggan simulacra
  12 sun moths (Pan)
  2 orange crystal statues
  11 deep elf archers
  17 cherubim (Pan)
  9 bog bodies
  3 spectral iron dragons
  Pikel (D:7)
  21 phantasmal warriors
  5 naga ritualists
  A shadow dragon zombie (Tomb:2)
  5 starcursed masses (Abyss:3)
  A fenstrider witch simulacrum (Coc:1)
  12 ironbound convokers
  18 swamp dragons
  10 orc knights
  27 deep elf pyromancers
  3 anaconda skeletons
  A thermic dynamo (Elf:3)
  A broodmother zombie (Crypt:3)
  11 lindwurms
  15 harpies (Vaults:1)
  2 spectral ettins
  26 deep elf zephyrmancers
  14 necromancers
  6 shining eyes
  8 salamanders
  2 shining eyes (shapeshifter)
  A salamander (shapeshifter) (Vaults:5)
  A shadow dragon skeleton (Crypt:3)
  4 manticores
  A meliai (shapeshifter) (D:14)
  47 ugly things
  11 elephants
  4 will-o-the-wisps
  56 large abominations
  12 cyclopes
  2 toenail golems (Volcano)
  8 orc sorcerers
  7 guardian serpents
  22 moths of wrath
  2 rust devils (Pan)
  2 kobold blastminers (Orc:1)
  2 spectral alligator snapping turtles (Tar:2)
  15 vault sentinels
  2 centaur zombies
  3 meliai (D:15)
  2 dire elephant zombies
  9 naga magi
  7 titan simulacra
  5 torpor snails (Lair:5)
  83 smoke demons
  31 black mambas
  3 stone giant skeletons
  3 molten gargoyles
  An alligator snapping turtle zombie (Tomb:3)
  4 eyes of devastation
  Maggie (D:6)
  15 cane toads
  3 gargoyles
  A storm dragon simulacrum (Coc:1)
  A dire elephant skeleton (Crypt:1)
  An unseen horror (shapeshifter) (Abyss:1)
  31 hellions
  13 spectral swamp worms (Tar:7)
  14 efreet
  49 orange demons
  37 tormentors
  3 unseen horrors
  12 freezing wraiths
  A naga skeleton (Tomb:3)
  27 rime drakes
  2 bunyip simulacra (Coc:1)
  6 komodo dragons
  3 ice devils
  4 silent spectres
  11 anaconda simulacra
  An elf skeleton (Vaults:2)
  A golden dragon simulacrum (Depths:4)
  30 yaktaurs
  2 kobold demonologists (Crypt:1)
  A great orb of eyes zombie (Crypt:3)
  19 tengu conjurers
  A spectral naga (Tar:1)
  A harpy zombie (Hell)
  9 trolls
  19 polar bears
  54 guardian mummies
  9 spectral harpies
  An iron giant simulacrum (Coc:3)
  52 hellwings (Pan)
  6 red devils
  3 harpy skeletons
  A bloated husk (Swamp:4)
  33 hornets
  Grinder (D:6)
  A shadow dragon simulacrum (Depths:4)
  10 tyrant leeches
  4 glass eyes
  3 ettin zombies
  An ice dragon zombie (Crypt:2)
  19 blink frogs
  3 snapping turtles (Pan)
  An iron dragon simulacrum (Coc:1)
  2 stone giant simulacra
  A spectral black mamba (Tar:2)
  132 slime creatures
  A spriggan (shapeshifter) (D:15)
  An air elemental (Elf:2)
  A black mamba zombie (Crypt:1)
  7 wraiths
  10 ushabtiu
  48 ynoxinuls
  10 shadows
  6 dire elephant simulacra
  3 naga simulacra
  4 water elementals
  2 vampires
  An alligator snapping turtle simulacrum (Coc:1)
  A human (Vaults:3)
  52 yaks
  A centaur simulacrum (Tomb:1)
  A slime creature zombie (Crypt:2)
  5 basilisks
  6 wyverns
  A basilisk (shapeshifter) (D:15)
  An elf (Vaults:3)
  19 golden eyes
  9 vampire mosquitoes
  55 chaos spawn
  5 fire elementals
  3 wargs (Orc:2)
  A wind drake skeleton (Crypt:2)
  53 neqoxecs
  4 steam dragons
  34 nagas
  21 swamp worms
  Menkaure (D:6)
  2 deep troll zombies
  19 harpy simulacra
  2 hydra simulacra
  5 spatial vortices (Abyss:3)
  19 water moccasins
  3 acid dragons (Lair:5)
  9 swamp drakes
  5 black bears
  A manticore zombie (Crypt:1)
  45 orc warriors
  A sky beast (D:8)
  7 ettin simulacra
  An ice beast (D:5)
  3 small abominations
  9 boggarts (Vaults:2)
  4 laughing skulls
  11 wolves (Lair:1)
  A crocodile (shapeshifter) (D:14)
  5 ogres
  15 centaurs
  A rime drake zombie (Crypt:1)
  A phantom (D:5)
  A blink frog skeleton (Crypt:1)
  2 kobold brigands
  17 bullfrogs
  10 weeping skulls
  3 elf zombies
  A scorpion (D:6)
  A glowing shapeshifter simulacrum (Depths:4)
  8 earth elementals
  A komodo dragon skeleton (Crypt:3)
  13 wights
  A shapeshifter zombie (Crypt:1)
  10 killer bees
  A polar bear skeleton (Crypt:2)
  6 howler monkeys
  5 electric eels
  A spriggan skeleton (Crypt:3)
  A hound (D:3)
  3 bombardier beetles
  A jelly (D:6)
  2 centaur skeletons
  27 orc priests
  A scrub nettle (Lair:3)
  9 iguanas
  An iron imp (Abyss:3)
  34 orc wizards
  3 sleepcaps
  A boggart zombie (Crypt:1)
  A brain worm zombie (Crypt:3)
  An ice beast zombie (Crypt:1)
  A hound zombie (Crypt:2)
  58 mummies
  5 adders
  4 gnolls (D:4)
  A shadow imp (D:8)
  3 white imps
  3 ufetubi
  4 dart slugs
  2 ribbon worms (D:4)
  96 orcs
  6 bats
  5 endoplasms
  3 giant cockroaches
  11 goblins
  7 hobgoblins
  2 jackals (D:4)
  5 quokkas
  5 ball pythons
  6 frilled lizards
  A gnoll zombie (Ossuary)
  A hobgoblin skeleton (Crypt:2)
  5 hobgoblin zombies (Ossuary)
  11 kobolds
  A kobold skeleton (Crypt:1)
  A kobold zombie (Ossuary)
  An orc zombie (Ossuary)
  5 rats
  A spectral goblin (D:5)
  6 aspiring fleshes
  A ball lightning (Pan)
  A butterfly (Swamp:1)
  2 creeping infernos
  20 fire vortices
4948 creatures vanquished.

Vanquished Creatures (collateral kills)
  Antaeus (Coc:7)
  Lom Lobon (Pan)
  An Ice Fiend (Coc:7)
  A ball lightning (Pan)
4 creatures vanquished.

Vanquished Creatures (others)
  An eldritch tentacle (Pan)
  A stoker (Geh:3)
  A soul eater (Crypt:2)
  A bog body (Swamp:4)
  A smoke demon (Pan)
  A vampire (D:8)
  A small abomination (Abyss:3)
  A human (Crypt:1)
  A ynoxinul (Pan)
  2 neqoxecs (Pan)
  A ball lightning (Pan)
  4 foxfires (Swamp:3)
16 creatures vanquished.

Grand Total: 4968 creatures vanquished

Notes
Turn   | Place    | Note
-------+----------+-------------------------------------------
     0 | D:1      | Ray the Coglin Warper began the quest for the Orb.
     0 | D:1      | Reached XP level 1. HP: 16/16 MP: 3/3
   182 | D:1      | Reached XP level 2. HP: 16/22 MP: 4/4
   856 | D:1      | Found a faded altar of an unknown god.
   861 | D:1      | Got Plato's Secrets of Points
   966 | D:1      | Learned a level 1 spell: Apportation
   969 | D:1      | Learned a level 2 spell: Blink
  1002 | D:2      | Reached XP level 3. HP: 26/27 MP: 5/5
  1342 | D:2      | Reached XP level 4. HP: 32/33 MP: 6/6
  1565 | D:2      | Learned a level 2 spell: Lesser Beckoning
  1679 | D:3      | Found a glowing silver altar of Zin.
  2498 | D:4      | Noticed Edmund
  2530 | D:3      | Reached skill level 5 in Long Blades
  2530 | D:3      | Reached XP level 5. HP: 10/38 MP: 5/7
  3354 | D:5      | Entered Level 5 of the Dungeon
  3377 | D:5      | Noticed an ice beast
  3378 | D:5      | Noticed an ogre
  3391 | D:5      | Killed an ice beast
  3392 | D:5      | Reached XP level 6. HP: 32/44 MP: 8/8
  3625 | D:5      | Reached XP level 7. HP: 47/50 MP: 9/9
  4236 | D:5      | Found a hazy altar of Hepliaklqana.
  4375 | D:6      | Noticed Maggie
  4391 | D:6      | Killed Maggie
  4392 | D:6      | Reached XP level 8. HP: 13/56 MP: 8/10
  4422 | D:6      | Noticed Menkaure
  4431 | D:6      | Killed Menkaure
  4495 | D:6      | Found a sand-covered staircase.
  4537 | Ossuary  | Entered an ossuary
  5111 | D:6      | Reached skill level 10 in Long Blades
  5419 | D:6      | Noticed Grinder
  5457 | D:6      | Paralysed by Grinder for 4 turns
  5463 | D:6      | Killed Grinder
  5464 | D:6      | Reached XP level 9. HP: 34/62 MP: 11/13
  5469 | D:6      | Found a staircase to the Ecumenical Temple.
  5477 | Temple   | Entered the Ecumenical Temple
  5484 | Temple   | Became a worshipper of Cheibriados the Contemplative
  5781 | D:6      | Learned a level 4 spell: Manifold Assault
  5786 | D:6      | Learned a level 4 spell: Vhi's Electric Charge
  6387 | D:7      | Reached * piety under Cheibriados
  6405 | D:7      | Reached skill level 1 in Evocations
  6560 | D:7      | Reached skill level 5 in Translocations
  6988 | D:7      | Reached ** piety under Cheibriados
  7230 | D:7      | Reached XP level 10. HP: 66/71 MP: 1/16
  7261 | D:7      | Noticed Pikel
  7272 | D:7      | Killed Pikel
  7582 | D:7      | Found a runed translucent gate.
  7582 | D:7      | Found a runed translucent gate.
  7584 | D:7      | Found a runed translucent gate.
  7587 | D:7      | Noticed 1n5z's ghost (novice DEAl)
  8142 | D:8      | Noticed a two-headed ogre
  8245 | D:8      | Noticed a centaur warrior
  8254 | D:8      | Killed a centaur warrior
  8272 | D:8      | Reached skill level 5 in Spellcasting
  8541 | D:8      | Noticed a gargoyle
  8543 | D:8      | Killed a gargoyle
  8632 | D:8      | Killed an unseen horror
  8635 | D:8      | Noticed a gargoyle
  8641 | D:8      | Killed a gargoyle
  8712 | D:8      | Noticed a five-headed hydra
  8755 | D:8      | Noticed a centaur warrior
  8766 | D:8      | Killed a centaur warrior
  8767 | D:8      | Reached skill level 5 in Fighting
  8767 | D:8      | Reached XP level 11. HP: 35/79 MP: 2/19
  8769 | D:8      | Reached *** piety under Cheibriados
  9232 | D:8      | Noticed a two-headed ogre
  9241 | D:8      | Killed a two-headed ogre
  9754 | D:9      | Noticed a two-headed ogre
  9756 | D:9      | Killed a two-headed ogre
  9806 | D:9      | Learned a level 3 spell: Passwall
 10139 | D:9      | Reached **** piety under Cheibriados
 10473 | D:9      | Found a staircase to the Lair.
 10481 | D:9      | Reached skill level 5 in Dodging
 10682 | D:9      | Noticed a two-headed ogre
 10685 | D:9      | Killed a two-headed ogre
 10788 | D:10     | Entered Level 10 of the Dungeon
 11167 | D:10     | You fall into a shaft and drop 2 floors!
 11171 | D:12     | Found a runed translucent door.
 11172 | D:12     | Noticed Ray's ghost (journeyman OpSh)
 11271 | D:12     | Noticed a deep elf pyromancer
 11276 | D:12     | Killed a deep elf pyromancer
 11278 | D:12     | Noticed a cyan ugly thing
 11516 | D:11     | Noticed a two-headed ogre
 11521 | D:11     | Killed a two-headed ogre
 11522 | D:11     | Reached XP level 12. HP: 77/88 MP: 1/22
 11723 | D:11     | Found a shadowy altar of Dithmenos.
 11750 | D:10     | Found Dutaukk's Assorted Antiques.
 11756 | D:10     | Bought a scroll labelled DOYJ ATEEZXE for 27 gold pieces
 11991 | D:10     | Reached skill level 1 in Armour
 12052 | D:10     | Found Ton Kic's Book Emporium.
 12280 | D:10     | Found an ornate altar of the Wu Jian Council.
 12289 | D:10     | Found a stormy altar of Qazlal.
 12519 | D:11     | Reached ***** piety under Cheibriados
 13269 | D:12     | Noticed a boulder beetle
 13325 | D:12     | Killed a boulder beetle
 13363 | D:12     | Noticed a two-headed ogre
 13365 | D:12     | Killed a two-headed ogre
 13489 | D:12     | Found the +9 staff of Olgreb {rPois∞}
 14067 | D:12     | Found a staircase to the Orcish Mines.
 14340 | D:12     | Found a runed translucent door.
 14344 | D:12     | Found a runed translucent gate.
 14344 | D:12     | Found a runed translucent gate.
 14355 | D:12     | Found a runed translucent gate.
 14364 | D:12     | Found a runed translucent door.
 14518 | D:12     | Found a runed translucent door.
 14870 | D:12     | Found a staircase to the Orcish Mines.
 14944 | Orc:1    | Entered Level 1 of the Orcish Mines
 14944 | Orc:1    | Found Notiar's Magic Scroll Boutique.
 15012 | Orc:1    | Bought a scroll of revelation for 90 gold pieces
 15012 | Orc:1    | Bought a scroll of fog for 48 gold pieces
 15012 | Orc:1    | Bought a scroll of silence for 114 gold pieces
 15012 | Orc:1    | Bought a scroll of immolation for 48 gold pieces
 15020 | Orc:1    | Reached ****** piety under Cheibriados
 15385 | Orc:1    | Noticed an ettin
 15389 | Orc:1    | Killed an ettin
 15730 | Orc:1    | Reached XP level 13. HP: 55/96 MP: 3/25
 16008 | Orc:2    | Entered Level 2 of the Orcish Mines
 16008 | Orc:2    | Found Xyomes's Antique Weapon Boutique.
 16010 | Orc:2    | Reached skill level 10 in Translocations
 16513 | Orc:2    | Found a staircase to the Elven Halls.
 16519 | Orc:2    | Found Casuon's Weapon Boutique.
 16771 | Orc:2    | Found a roughly hewn altar of Beogh.
 17037 | Orc:2    | Noticed an orc warlord
 17051 | Orc:2    | Killed an orc warlord
 18239 | Orc:2    | Found Semoll's Armour Shop.
 18276 | Orc:2    | Found Ethamugo's Antique Weapon Shop.
 18284 | Orc:2    | Bought a glowing double sword for 504 gold pieces
 18341 | Orc:2    | Found Elemnen's General Store.
 18342 | Orc:2    | Found Qyshruaxt's Book Shop.
 18344 | Orc:2    | Found Amuiddya's Antique Armour Boutique.
 18344 | Orc:2    | Found Odippam's Antique Weapon Boutique.
 18359 | Orc:2    | Bought a potion of experience for 700 gold pieces
 18359 | Orc:2    | Bought a scroll of blinking for 105 gold pieces
 18359 | Orc:2    | Bought a scroll of poison for 56 gold pieces
 18470 | Orc:2    | Reached skill level 15 in Long Blades
 18470 | Orc:2    | Reached XP level 14. HP: 104/104 MP: 27/27
 18582 | Lair:1   | Entered Level 1 of the Lair of Beasts
 18697 | Lair:1   | Found a dark tunnel.
 18708 | Volcano  | Entered a volcano
 19857 | Lair:1   | Acquired a secondary samoflange {rF+ rC+ Clar RMsl}
 20436 | Lair:2   | Reached XP level 15. HP: 110/110 MP: 23/28
 20669 | Lair:2   | Learned a level 2 spell: Sublimation of Blood
 20820 | Lair:2   | Noticed Urug
 20822 | Lair:2   | Killed Urug
 20948 | Lair:2   | Reached skill level 1 in Necromancy
 21655 | Lair:3   | Found a staircase to the Snake Pit.
 21668 | Lair:3   | Reached skill level 10 in Spellcasting
 21979 | Lair:3   | Noticed Buubuun's ghost (journeyman MDFi)
 21984 | Lair:3   | Found a runed translucent gate.
 21984 | Lair:3   | Found a runed translucent gate.
 21984 | Lair:3   | Found a runed translucent gate.
 21993 | Lair:3   | Found a staircase to the Swamp.
 22165 | Lair:3   | Noticed Amaemon
 22169 | Lair:3   | Killed Amaemon
 22184 | Lair:3   | Identified the +2 long sword "Caku" {flame, rPois SInv}
 23553 | Lair:4   | Found a runed translucent door.
 23554 | Lair:4   | Found a viscous altar of Jiyva.
 23744 | Lair:4   | Noticed an azure jelly
 23746 | Lair:4   | Found a staircase to the Slime Pits.
 23746 | Lair:4   | Noticed an azure jelly
 23885 | Lair:5   | Entered Level 5 of the Lair of Beasts
 24315 | Lair:5   | Noticed Rupert
 24325 | Lair:5   | Killed Rupert
 24816 | Lair:5   | Identified the +2 scale mail "Okilocinn" {^Contam Rampage
                  | +Blink Int+5}
 24913 | Lair:5   | Reached XP level 16. HP: 120/120 MP: 8/30
 26289 | D:10     | Bought a scroll of teleportation for 81 gold pieces
 26289 | D:10     | Bought a scroll of fog for 108 gold pieces
 26289 | D:10     | Bought a scroll of enchant weapon for 202 gold pieces
 26289 | D:10     | Bought a potion of curing for 81 gold pieces
 26465 | D:13     | Found Yrhoy's Armour Emporium.
 26535 | D:13     | Noticed Sonja
 26536 | D:13     | Killed Sonja
 26649 | D:13     | Reached skill level 10 in Fighting
 28166 | D:14     | Found a portal to a secret trove of treasure.
 28489 | D:14     | Found a gate to the Vaults.
 28694 | D:15     | Entered Level 15 of the Dungeon
 29023 | D:15     | Reached XP level 17. HP: 129/129 MP: 1/33
 29160 | D:15     | Found a staircase to the Depths.
 29875 | Swamp:1  | Entered Level 1 of the Swamp
 31597 | Swamp:2  | Reached skill level 10 in Dodging
 33362 | Swamp:4  | Entered Level 4 of the Swamp
 33902 | Swamp:4  | Reached XP level 18. HP: 138/138 MP: 7/35
 35100 | Swamp:4  | Got a decaying rune of Zot
 35681 | Snake:1  | Entered Level 1 of the Snake Pit
 35681 | Snake:1  | Found a sparkling altar of Nemelex Xobeh.
 36994 | Snake:2  | Found Qiasoycw's Armour Shop.
 37709 | Snake:2  | Found Difanaf's Book Emporium.
 37709 | Snake:2  | Found Tabrem's Jewellery Shop.
 37711 | Snake:2  | Found Soehai's Jewellery Shop.
 38694 | Snake:3  | Found Dailiuq's Armour Emporium.
 38694 | Snake:3  | Found Reajaz's Book Shoppe.
 38698 | Snake:3  | Found Cafemmee's Antique Weapon Shoppe.
 38702 | Snake:3  | Found Niyretad's Antique Armour Emporium.
 39297 | Snake:3  | Found an opulent altar of Gozag.
 39604 | Snake:4  | Entered Level 4 of the Snake Pit
 39607 | Snake:4  | Found a glacial archway.
 39613 | IceCv    | Entered an ice cave
 40223 | IceCv    | Reached XP level 19. HP: 147/147 MP: 26/36
 40898 | IceCv    | Noticed a shard shrike
 40904 | IceCv    | Reached skill level 5 in Armour
 40928 | IceCv    | Killed a shard shrike
 41187 | IceCv    | Identified the staff of the Mushroom {rPois rN+ rCorr Int+3
                  | Dex+3 Alchemy}
 41492 | Snake:4  | Noticed Vashnia
 41507 | Snake:4  | Killed Vashnia
 43344 | Snake:4  | Got a serpentine rune of Zot
 43545 | Snake:4  | Found Pyseur's Antique Armour Shoppe.
 43558 | Snake:4  | Bought an ancient scale mail for 369 gold pieces
 43558 | Snake:4  | Identified the +1 scale mail of Optimism {rN+ MP+9 Int+3}
                  | (You bought it in a shop on level 4 of the Snake Pit)
 43558 | Snake:4  | Bought a runed scarf for 328 gold pieces
 44122 | Elf:1    | Entered Level 1 of the Elven Halls
 44665 | Elf:1    | Reached XP level 20. HP: 157/157 MP: 26/38
 44859 | Elf:1    | Identified the +1 cloak "Exyrililey" {Regen+}
 45052 | Elf:1    | Got Borgnjor's Incunabulum of the Grave
 45344 | Elf:2    | Found a runed translucent gate.
 45345 | Elf:2    | Found a runed translucent gate.
 45345 | Elf:2    | Found a runed translucent gate.
 45373 | Elf:2    | Paralysed by an air elemental for 1 turns
 45681 | Elf:2    | Found Naxuxtusoc's Magic Scroll Boutique.
 46838 | Elf:3    | Entered Level 3 of the Elven Halls
 47172 | Elf:3    | Reached skill level 15 in Spellcasting
 47316 | Elf:3    | Identified the +5 long sword of Uxzihu {pain, *Rage Fly
                  | rC+++ Str-2}
 48509 | Elf:3    | Identified the ring of Xeaveasm {rElec rN+ Str+6}
 48556 | Elf:3    | Identified the +1 flail of the Owl {protect, ^Fragile rCorr
                  | Dex+4}
 48564 | Elf:3    | Identified the +7 long sword of Laufove {holy, ^Fragile
                  | rN+++ Will- SInv}
 48564 | Elf:3    | Identified the amulet of Broken Luck {Spirit rN+}
 48638 | Elf:3    | Got Sif Muna's Almanac of the Fairies and the Tempest
 48643 | Elf:3    | Identified the staff of Wyrd {rElec Ice Earth Alchemy}
 48656 | Elf:3    | Identified the +0 battleaxe "Isu Rou" {venom, ^Drain rElec
                  | Dex+5}
 48666 | Elf:3    | Identified the +7 spear of the Unliving {flame, rN+ Stlth+}
 48673 | Elf:3    | Got the Cyclopedia of the Fifty Ships
 48675 | Elf:3    | Got the Exposition on the Lucent Vector
 48711 | Elf:3    | Identified the ring of Amelioration {rN+ Dex+6}
 48738 | Elf:3    | Reached XP level 21. HP: 166/166 MP: 32/40
 49098 | Vaults:1 | Entered Level 1 of the Vaults
 49455 | Vaults:1 | Reached skill level 1 in Shapeshifting
 49593 | Vaults:1 | Got the Codex of the Iceberg and Calcination
 49674 | Vaults:1 | Reached skill level 15 in Fighting
 50125 | Vaults:1 | Noticed Nikola
 50142 | Vaults:1 | Killed Nikola
 50143 | Vaults:1 | Found Arghiniss's Antique Weapon Shoppe.
 50437 | Vaults:2 | Found Vasaqi's Magic Scroll Shop.
 50445 | Vaults:2 | Bought a scroll of acquirement for 936 gold pieces
 50445 | Vaults:2 | Acquired a +1 demon blade of electrocution
 50564 | Vaults:2 | Found Pevvumun's Antique Weapon Emporium.
 50655 | Vaults:2 | Found Qonoexef's Antique Weapon Shoppe.
 50713 | Vaults:2 | Found a staircase to the Crypt.
 50713 | Vaults:2 | Found an ancient bone altar of Kikubaaqudgha.
 50720 | Vaults:2 | Found a basalt altar of Yredelemnul.
 50888 | Vaults:2 | Found Avagyxzoc's General Store.
 50897 | Vaults:2 | Found Nogorcha's Jewellery Emporium.
 51055 | Vaults:2 | Reached XP level 22. HP: 145/178 MP: 2/41
 51740 | Vaults:2 | Noticed Donald
 51745 | Vaults:2 | Killed Donald
 52061 | Vaults:3 | Reached skill level 15 in Translocations
 52449 | Vaults:3 | Reached skill level 5 in Shapeshifting
 52852 | Vaults:3 | Paralysed by a formless jellyfish for 1 turns
 53948 | Vaults:4 | Reached XP level 23. HP: 187/187 MP: 25/43
 54448 | Depths:1 | Entered Level 1 of the Depths
 54459 | Depths:1 | Reached skill level 10 in Shapeshifting
 54493 | Depths:1 | Found a gateway to Hell.
 54608 | Depths:1 | Found a magical portal.
 54612 | WizLab   | Entered Iskenderun's Mystic Tower
 55597 | WizLab   | Got Iskenderun's Handbook of the Salvo
 55597 | WizLab   | Got Iskenderun's Spellbook of Confrontation
 55622 | WizLab   | Got the Meditations on Leadership and Bombardment
 55906 | Depths:1 | Noticed a juggernaut
 55914 | Depths:1 | Killed a juggernaut
 57106 | Depths:2 | Reached XP level 24. HP: 195/195 MP: 32/43
 57571 | Depths:2 | Found a one-way gate leading to the halls of Pandemonium.
 57641 | Depths:2 | Found a runed translucent door.
 57766 | Depths:2 | Reached skill level 15 in Shapeshifting
 58401 | Depths:3 | Found a one-way gate to the infinite horrors of the Abyss.
 58526 | Depths:3 | Identified the +0 scimitar "Jicha" {spect, *Slow rElec rN++
                  | rCorr}
 58719 | Depths:4 | Entered Level 4 of the Depths
 58818 | Depths:4 | Found a hide-covered altar of Uskayaw.
 59158 | Depths:4 | Noticed Jory
 59164 | Depths:4 | Identified the ring of Xuroc {Ice rElec Int+3}
 59164 | Depths:4 | Identified the death talisman of Kathenotheism {Int+3}
 59164 | Depths:4 | Noticed Josephina
 59167 | Depths:4 | Killed Jory
 59169 | Depths:4 | Noticed Xtahua
 59181 | Depths:4 | Killed Josephina
 59191 | Depths:4 | Killed Xtahua
 59337 | Depths:4 | Noticed Sojobo
 59346 | Depths:4 | Killed Sojobo
 59372 | Depths:4 | Found a one-way gateway to a ziggurat.
 59760 | Depths:4 | Reached XP level 25. HP: 201/201 MP: 16/43
 59773 | Depths:4 | Found a gate to the Realm of Zot.
 59903 | Depths:4 | Gained mutation: You are partially covered in iridescent
                  | scales. (AC +2) [potion of mutation]
 59904 | Depths:4 | Lost mutation: You are partially covered in iridescent
                  | scales. (AC +2) [potion of mutation]
 59904 | Depths:4 | Gained mutation: Your mind is acute. (Int +4, Str/Dex -1)
                  | [potion of mutation]
 59904 | Depths:4 | Gained mutation: You occasionally shout uncontrollably at
                  | your foes. [potion of mutation]
 59904 | Depths:4 | Gained mutation: You have a pair of small horns on your
                  | head. [potion of mutation]
 59905 | Depths:4 | Lost mutation: You occasionally shout uncontrollably at
                  | your foes. [potion of mutation]
 59905 | Depths:4 | Lost mutation: You have a pair of small horns on your head.
                  | [potion of mutation]
 59905 | Depths:4 | Lost mutation: Your mind is acute. (Int +4, Str/Dex -1)
                  | [potion of mutation]
 59905 | Depths:4 | Gained mutation: You have a pair of small horns on your
                  | head. [potion of mutation]
 59905 | Depths:4 | Gained mutation: Your mind is acute. (Int +4, Str/Dex -1)
                  | [potion of mutation]
 59906 | Depths:4 | Lost mutation: You have a pair of small horns on your head.
                  | [potion of mutation]
 59906 | Depths:4 | Lost mutation: Your mind is acute. (Int +4, Str/Dex -1)
                  | [potion of mutation]
 59906 | Depths:4 | Gained mutation: Your spells are a little easier to cast,
                  | but a little less powerful. [potion of mutation]
 59906 | Depths:4 | Gained mutation: Your muscles are strong. (Str +4, Int/Dex
                  | -1) [potion of mutation]
 59906 | Depths:4 | Gained mutation: You expend magic power (3 MP) to
                  | strengthen your wands. [potion of mutation]
 59906 | Depths:4 | Gained mutation: You have supernaturally acute eyesight.
                  | (SInv) [potion of mutation]
 59907 | Depths:4 | Lost mutation: Your muscles are strong. (Str +4, Int/Dex
                  | -1) [potion of mutation]
 59907 | Depths:4 | Lost mutation: You expend magic power (3 MP) to strengthen
                  | your wands. [potion of mutation]
 59907 | Depths:4 | Lost mutation: You have supernaturally acute eyesight.
                  | (SInv) [potion of mutation]
 59907 | Depths:4 | Gained mutation: Your body sometimes deteriorates upon
                  | taking damage. [potion of mutation]
 59908 | Depths:4 | Lost mutation: Your body sometimes deteriorates upon taking
                  | damage. [potion of mutation]
 59908 | Depths:4 | Lost mutation: Your spells are a little easier to cast, but
                  | a little less powerful. [potion of mutation]
 59908 | Depths:4 | Gained mutation: You are partially covered in iridescent
                  | scales. (AC +2) [potion of mutation]
 59908 | Depths:4 | Gained mutation: You are robust. (+10% HP) [potion of
                  | mutation]
 59908 | Depths:4 | Gained mutation: Your body sometimes deteriorates upon
                  | taking damage. [potion of mutation]
 59908 | Depths:4 | Gained mutation: You have a pair of small horns on your
                  | head. [potion of mutation]
 59909 | Depths:4 | Lost mutation: You are robust. (+10% HP) [potion of
                  | mutation]
 59909 | Depths:4 | Lost mutation: You have a pair of small horns on your head.
                  | [potion of mutation]
 59909 | Depths:4 | Gained mutation: You are weak. (Str -2) [potion of
                  | mutation]
 59909 | Depths:4 | Gained mutation: You are clumsy. (Dex -2) [potion of
                  | mutation]
 59909 | Depths:4 | Gained mutation: Your flesh is heat resistant. (rF+)
                  | [potion of mutation]
 59910 | Depths:4 | Lost mutation: You are weak. (Str -2) [potion of mutation]
 59910 | Depths:4 | Lost mutation: You are partially covered in iridescent
                  | scales. (AC +2) [potion of mutation]
 59910 | Depths:4 | Gained mutation: You occasionally shout uncontrollably at
                  | your foes. [potion of mutation]
 59910 | Depths:4 | Gained mutation: You sometimes lose your temper in combat.
                  | [potion of mutation]
 59911 | Depths:4 | Lost mutation: Your flesh is heat resistant. (rF+) [potion
                  | of mutation]
 59911 | Depths:4 | Lost mutation: You occasionally shout uncontrollably at
                  | your foes. [potion of mutation]
 59911 | Depths:4 | Gained mutation: You are covered in fur. (AC +1) [potion of
                  | mutation]
 59911 | Depths:4 | Gained mutation: Your muscles are strong. (Str +4, Int/Dex
                  | -1) [potion of mutation]
 59911 | Depths:4 | Gained mutation: Your flesh is cold resistant. (rC+)
                  | [potion of mutation]
 59912 | Depths:4 | Lost mutation: You are clumsy. (Dex -2) [potion of
                  | mutation]
 59912 | Depths:4 | Lost mutation: You are covered in fur. (AC +1) [potion of
                  | mutation]
 59912 | Depths:4 | Lost mutation: You sometimes lose your temper in combat.
                  | [potion of mutation]
 59912 | Depths:4 | Gained mutation: You are somewhat resistant to further
                  | mutation. [potion of mutation]
 59913 | Depths:4 | Lost mutation: Your muscles are strong. (Str +4, Int/Dex
                  | -1) [potion of mutation]
 59913 | Depths:4 | Lost mutation: Your body sometimes deteriorates upon taking
                  | damage. [potion of mutation]
 59913 | Depths:4 | Gained mutation: Your system is resistant to poisons.
                  | (rPois) [potion of mutation]
 60301 | Slime:1  | Entered Level 1 of the Pits of Slime
 63931 | Slime:5  | Entered Level 5 of the Pits of Slime
 64144 | Slime:5  | Found the +16 obsidian axe {drain, demonic, Mesm ^Drain Fly
                  | SInv}
 64295 | Slime:5  | Noticed the Royal Jelly
 64676 | Slime:5  | Killed the Royal Jelly
 65145 | Slime:5  | Got the Handbook of the Cumulonimbus and Maleficent Acts
 65155 | Slime:5  | Identified the +5 morningstar "Nusuo" {heavy, rElec Will+}
 65156 | Slime:5  | Identified the +3 spear "Fawkuo" {flame, rPois rF- rCorr}
 65276 | Slime:5  | Got the Precepts of Changed Hail
 65286 | Slime:5  | Identified the +4 battleaxe of the Endless March {drain,
                  | Int+5}
 65287 | Slime:5  | Identified the +0 pair of boots "Peuvaxij" {^Contam Will++
                  | Str+3}
 65391 | Slime:5  | Got a slimy rune of Zot
 65631 | Slime:5  | Identified the +6 flail of the Philosopher {freeze, rF+
                  | Stlth+}
 66151 | Crypt:1  | Entered Level 1 of the Crypt
 66487 | Crypt:1  | Noticed Saint Roka
 66498 | Crypt:1  | Killed Saint Roka
 66839 | Crypt:1  | Identified the +11 hand axe "Gies Miv" {flame, Dex+3}
 67193 | Crypt:1  | Reached XP level 26. HP: 160/208 MP: 35/43
 67286 | Crypt:1  | Identified the +1 robe "Lainah" {Regen+ rCorr}
 67649 | Crypt:1  | Found a runed door.
 67952 | Crypt:1  | Noticed an ancient lich
 67956 | Crypt:1  | Killed an ancient lich
 67967 | Crypt:1  | Identified the +0 pair of boots of the Devil's Team {rF+++
                  | rCorr Slay-5}
 69002 | Crypt:2  | Identified the +2 hand axe of Eliotsyq {chaos, rCorr Str+2}
 69696 | Crypt:3  | Entered Level 3 of the Crypt
 69703 | Crypt:3  | Found a staircase to the Tomb.
 70042 | Crypt:3  | Found a blossoming altar of Fedhas.
 70361 | Crypt:3  | Found an ancient bone altar of Kikubaaqudgha.
 70707 | Crypt:3  | Got Himpar's Catalogue of the Charnel House
 71423 | Vaults:5 | Entered Level 5 of the Vaults
 71423 | Vaults:5 | Noticed an ancient lich
 71427 | Vaults:5 | Killed an ancient lich
 71457 | Vaults:5 | Identified the +9 falchion of the Eel {freeze, Fly Int+3}
 71545 | Vaults:5 | Noticed a dread lich
 71557 | Vaults:5 | Killed a dread lich
 71696 | Vaults:5 | Identified the ring of Secrets {+Blink rF+ AC+4 Str+2}
 71699 | Vaults:5 | Got a silver rune of Zot
 71707 | Vaults:5 | Identified the +0 robe of the Centaur {rC+ rN++ Regen+
                  | Stlth-}
 71709 | Vaults:5 | Identified the +1 short sword of Luxury {flame, Dex+2 SInv}
 71725 | Vaults:5 | Reached XP level 27. HP: 215/215 MP: 31/43
 71733 | Vaults:5 | Got the Encyclopedia of the Aerial Graveyard
 71963 | Vaults:5 | Noticed a dread lich
 72031 | Vaults:5 | Killed a dread lich
 72370 | Vaults:5 | Identified the +6 scale mail of Beastly Lucidity {rN++}
 72747 | Vaults:5 | Identified the +2 scale mail of the Blacksmith {rF+ Will-
                  | rCorr Int+2}
 73840 | Vaults:5 | Identified the +0 leather armour "Vuugye" {Harm Will+
                  | Stlth+}
 73841 | Vaults:5 | Identified the +2 scale mail "Agiday" {Str+2}
 74079 | Vaults:5 | Found Fonwois's Jewellery Shoppe.
 74655 | Hell     | Entered the Vestibule of Hell
 74655 | Hell     | Noticed Geryon
 74662 | Hell     | Killed Geryon
 75518 | Hell     | Found a gateway to the ashen valley of Gehenna.
 75574 | Hell     | Reached skill level 15 in Dodging
 75762 | Hell     | Found a gateway to the Iron City of Dis.
 75824 | Hell     | Reached skill level 5 in Evocations
 75995 | Hell     | Found a gateway to the decaying netherworld of Tartarus.
 76081 | Hell     | Found a gateway to the freezing wastes of Cocytus.
 76129 | Hell     | Upgraded the game from 0.32-a0-653-gee4d739 to
                  | 0.32-a0-658-g9eff4c5
 76210 | Depths:3 | Voluntarily entered the Abyss.
 76233 | Abyss:1  | Found a corrupted altar of Lugonu.
 76321 | Abyss:1  | Found a corrupted altar of Lugonu.
 76375 | Abyss:2  | Found a corrupted altar of Lugonu.
 76406 | Abyss:2  | Found a corrupted altar of Lugonu.
 76601 | Abyss:3  | Found a corrupted altar of Lugonu.
 76604 | Abyss:3  | Got an abyssal rune of Zot
 76623 | Depths:3 | Escaped the Abyss
 76701 | Pan      | Entered Pandemonium
 76834 | Pan      | Found an exit through the horrors of the Abyss.
 76906 | Pan      | Noticed Siremu Fico the pandemonium lord
 76911 | Pan      | Killed Siremu Fico the pandemonium lord
 77034 | Pan      | Noticed Patimu the pandemonium lord
 77043 | Pan      | Killed Patimu the pandemonium lord
 77232 | Pan      | Noticed Pytota the pandemonium lord
 77247 | Pan      | Killed Pytota the pandemonium lord
 77287 | Pan      | Got a demonic rune of Zot
 77857 | Pan      | Found a transporter.
 77882 | Pan      | Found an exit through the horrors of the Abyss.
 78056 | Pan      | Identified the maw talisman of Hagew {Will- rCorr Str+2}
 78108 | Pan      | Found a transporter.
 78654 | Pan      | Identified the ring "Jokydag" {Fly rPois rF+ rCorr MP-9}
 78658 | Pan      | Identified the ring "Icamp" {Fly rF+ Will- Str+3 Slay+2}
 79245 | Pan      | Noticed Esoe the pandemonium lord
 79253 | Pan      | Killed Esoe the pandemonium lord
 79254 | Pan      | Reached skill level 1 in Stealth
 79386 | Pan      | Entered the realm of Mnoleg.
 79657 | Pan      | Found an exit through the horrors of the Abyss.
 80679 | Pan      | Reached skill level 10 in Armour
 81431 | Pan      | Noticed Mnoleg
 81455 | Pan      | Killed Mnoleg
 81466 | Pan      | HP: 9/227 [something (4)]
 82614 | Pan      | Got a glowing rune of Zot
 83093 | Pan      | Noticed Pereezxeylo the pandemonium lord
 83106 | Pan      | Killed Pereezxeylo the pandemonium lord
 83202 | Pan      | Entered the realm of Gloorx Vloq.
 83268 | Pan      | Noticed Mennas
 83291 | Pan      | Killed Mennas
 83444 | Pan      | Found an exit through the horrors of the Abyss.
 84331 | Pan      | Reached skill level 5 in Stealth
 84527 | Pan      | Noticed Gloorx Vloq
 84537 | Pan      | Killed Gloorx Vloq
 84548 | Pan      | Got a dark rune of Zot
 84720 | Pan      | Noticed Ziciurus the pandemonium lord
 84740 | Pan      | Killed Ziciurus the pandemonium lord
 84999 | Pan      | Noticed Uvupp the pandemonium lord
 85016 | Pan      | Killed Uvupp the pandemonium lord
 85239 | Pan      | Entered the realm of Cerebov.
 85971 | Pan      | Found an exit through the horrors of the Abyss.
 86134 | Pan      | Found the +6 sword of Cerebov {flame}
 86134 | Pan      | Noticed Cerebov
 86154 | Pan      | Killed Cerebov
 86180 | Pan      | Got a fiery rune of Zot
 86211 | Pan      | Identified the +2 ring mail "Tamow" {rElec rN+}
 86274 | Pan      | Identified the +4 scale mail of the Foremost Dances {SInv}
 86276 | Pan      | Identified the staff of Mupnut {MP+9 Dex+4 Stlth+ Conj}
 86335 | Pan      | Identified the staff of True Grit {rElec rF+ Str+4 Air}
 86373 | Pan      | Identified the +1 troll leather armour of Nemelex Xobeh
                  | {*Slow Fly rC++ Regen+ MP+9}
 86431 | Pan      | Identified the +8 quick blade of Abomination {flame, Will+
                  | Str+4 Int-3 Dex+2}
 86888 | Pan      | Found an exit through the horrors of the Abyss.
 87758 | Pan      | Identified the +6 battleaxe "Kaumiss" {spect, Str+5}
 87758 | Pan      | Identified the ring "Waeclah" {rPois Int-3 Dex+6}
 87758 | Pan      | Noticed a seraph
 87765 | Pan      | Killed a seraph
 87781 | Pan      | Found a glowing golden altar of the Shining One.
 87791 | Pan      | Identified the +0 pair of boots "Deiwnith" {rElec}
 87796 | Pan      | Identified the +5 hand axe "Hastrus" {antimagic, rElec}
 87805 | Pan      | Acquired 782 gold pieces
 87987 | Pan      | Identified the -2 buckler of Ryurapo {*Corrode Int+5 Dex+2}
 88972 | Pan      | Reached skill level 5 in Necromancy
 88975 | Pan      | Found a glowing silver altar of Zin.
 89475 | Pan      | Found a white marble altar of Elyvilon.
 89660 | Pan      | Noticed Feunk the pandemonium lord
 89667 | Pan      | HP: 4/237 [Feunk the pandemonium lord/great blast of fire
                  | (54)]
 90015 | Pan      | Found an exit through the horrors of the Abyss.
 90579 | Pan      | Found an exit through the horrors of the Abyss.
 90764 | Depths:2 | Escaped Pandemonium
 90781 | Pan      | Entered Pandemonium
 90783 | Pan      | Noticed Ignacio
 90792 | Pan      | Killed Ignacio
 91218 | Pan      | Noticed Yhushrod the pandemonium lord
 91225 | Pan      | Killed Yhushrod the pandemonium lord
 91281 | Pan      | Found an exit through the horrors of the Abyss.
 91892 | Pan      | Found an exit through the horrors of the Abyss.
 92163 | Pan      | Found a huge runed translucent gate.
 92163 | Pan      | Found a huge runed translucent gate.
 92183 | Pan      | Found a huge runed translucent gate.
 92184 | Pan      | Found a huge runed translucent gate.
 92184 | Pan      | Found a huge runed translucent gate.
 92259 | Pan      | Found a huge runed translucent gate.
 92259 | Pan      | Found a huge runed translucent gate.
 92272 | Pan      | Noticed Geghamapups the pandemonium lord
 92277 | Pan      | Killed Geghamapups the pandemonium lord
 92422 | Pan      | Entered the realm of Lom Lobon.
 93949 | Pan      | Noticed Lom Lobon
 93957 | Pan      | Killed Lom Lobon
 93967 | Pan      | Got a magical rune of Zot
 94574 | Pan      | Found a runed translucent door.
 94954 | Pan      | Found an exit through the horrors of the Abyss.
 95290 | Pan      | Noticed Culast the pandemonium lord
 95294 | Pan      | Killed Culast the pandemonium lord
 95563 | Pan      | Took an exit into the Abyss.
 95563 | Abyss:3  | Escaped into the Abyss
 95572 | Abyss:3  | Found a corrupted altar of Lugonu.
 95597 | Depths:2 | Escaped the Abyss
 95670 | Tar:1    | Entered Level 1 of Tartarus
 95974 | Tar:1    | You fall into a shaft and drop 1 floor!
 96693 | Tar:4    | Reached skill level 27 in Long Blades
 97295 | Tar:7    | Entered Level 7 of Tartarus
 98710 | Tar:7    | Identified the +2 plate armour "Caxtaffuz" {Int+2 Dex+4}
 98758 | Tar:7    | Noticed the Serpent of Hell
 98764 | Tar:7    | Killed the Serpent of Hell
 98949 | Tar:7    | Noticed Ereshkigal
 98964 | Tar:7    | Killed Ereshkigal
 98990 | Tar:7    | Got the Compilation of the Gelid Inferno
 98991 | Tar:7    | Identified the +0 pair of boots of Wasted Space {MP+9 Str-4
                  | Dex+3}
 98993 | Tar:7    | Identified the +4 glaive of Ryurch {elec, rPois rN+ Dex+3}
 98996 | Tar:7    | Got a bone rune of Zot
 98999 | Tar:7    | Identified the ring of Darkness {Ice rPois rCorr}
 99000 | Tar:7    | Identified the +0 hat of Bedevilment {Regen+ Slay+2 Stlth-}
 99355 | Tar:7    | Identified the +5 ring mail "Miumidy" {Str+4 Dex-2}
 99785 | Geh:1    | Entered Level 1 of Gehenna
100094 | Geh:2    | Reached skill level 15 in Armour
100109 | Geh:2    | Reached skill level 27 in Fighting
100578 | Geh:3    | Noticed an ancient lich
100580 | Geh:3    | Killed an ancient lich
101312 | Geh:5    | You fall into a shaft and drop 1 floor!
101319 | Geh:6    | Noticed an ancient lich
101326 | Geh:6    | Killed an ancient lich
101691 | Geh:7    | Entered Level 7 of Gehenna
102288 | Geh:7    | Identified the +4 whip of the Hurling Penguin {spect, Fly
                  | Int+3 Dex+4}
102303 | Geh:7    | Identified the +5 broad axe of Xatteali {holy, *Noise Str+3
                  | Int+6}
102308 | Geh:7    | Identified the +6 flail of Dung {distort, rN+}
102680 | Geh:7    | Found the +13 sceptre of Asmodeus
102680 | Geh:7    | Noticed Asmodeus
102691 | Geh:7    | Killed Asmodeus
102724 | Geh:7    | Got an obsidian rune of Zot
102934 | Coc:1    | Entered Level 1 of Cocytus
104756 | Coc:6    | Noticed an ancient lich
104757 | Coc:6    | Killed an ancient lich
105097 | Coc:7    | Entered Level 7 of Cocytus
106019 | Coc:7    | Identified the ring of the Nightingale {Fly rPois Will+
                  | Dex-4}
106633 | Coc:7    | Noticed Antaeus
106643 | Coc:7    | Killed Antaeus
106648 | Coc:7    | Got an icy rune of Zot
107119 | Dis:1    | Entered Level 1 of the Iron City of Dis
108272 | Dis:4    | Noticed an ancient lich
108279 | Dis:4    | Killed an ancient lich
108379 | Dis:5    | Noticed a dread lich
108382 | Dis:5    | Killed a dread lich
108666 | Dis:6    | Noticed a dread lich
108670 | Dis:6    | Killed a dread lich
108915 | Dis:7    | Entered Level 7 of the Iron City of Dis
109525 | Dis:7    | Noticed a juggernaut
109529 | Dis:7    | Killed a juggernaut
109594 | Dis:7    | Identified the +5 mace of Adverse Possession {freeze, Will-
                  | SInv Stlth+}
111431 | Dis:7    | Noticed a juggernaut
111433 | Dis:7    | Killed a juggernaut
111694 | Dis:7    | Noticed Dispater
111702 | Dis:7    | Killed Dispater
111734 | Dis:7    | Identified the +4 morningstar "Uzade" {drain, Stlth+}
111745 | Dis:7    | Got an iron rune of Zot
112304 | Tomb:1   | Entered Level 1 of the Tomb of the Ancients
112687 | Tomb:1   | Noticed a royal mummy
112690 | Tomb:1   | Killed a royal mummy
113262 | Tomb:2   | Noticed a royal mummy
113263 | Tomb:2   | Noticed a royal mummy
113264 | Tomb:2   | Noticed a royal mummy
113265 | Tomb:2   | Noticed a royal mummy
113266 | Tomb:2   | Killed a royal mummy
113266 | Tomb:2   | Killed a royal mummy
113267 | Tomb:2   | Noticed a royal mummy
113268 | Tomb:2   | Killed a royal mummy
113268 | Tomb:2   | Killed a royal mummy
113269 | Tomb:2   | Killed a royal mummy
113270 | Tomb:2   | Reached skill level 27 in Dodging
113531 | Tomb:2   | Acquired a +1 double sword of holy wrath
113536 | Tomb:1   | Noticed a royal mummy
113536 | Tomb:1   | Noticed a royal mummy
113538 | Tomb:1   | Killed a royal mummy
113539 | Tomb:1   | Killed a royal mummy
113542 | Tomb:1   | Noticed a royal mummy
113544 | Tomb:1   | Killed a royal mummy
113609 | Tomb:1   | Noticed a royal mummy
113613 | Tomb:1   | Killed a royal mummy
113700 | Tomb:1   | Noticed a royal mummy
113703 | Tomb:1   | Killed a royal mummy
113704 | Tomb:1   | Noticed a royal mummy
113706 | Tomb:1   | Noticed a royal mummy
113707 | Tomb:1   | Killed a royal mummy
113708 | Tomb:1   | Killed a royal mummy
113711 | Tomb:1   | Noticed a royal mummy
113713 | Tomb:1   | Killed a royal mummy
113717 | Tomb:1   | Noticed a royal mummy
113719 | Tomb:1   | Killed a royal mummy
113820 | Tomb:1   | Noticed a royal mummy
113823 | Tomb:1   | Killed a royal mummy
113824 | Tomb:1   | Noticed a royal mummy
113827 | Tomb:1   | Killed a royal mummy
113830 | Tomb:1   | Noticed a royal mummy
113832 | Tomb:1   | Killed a royal mummy
113846 | Tomb:1   | Noticed a royal mummy
113849 | Tomb:1   | Killed a royal mummy
113849 | Tomb:1   | Noticed a royal mummy
113852 | Tomb:1   | Killed a royal mummy
113858 | Tomb:1   | Noticed a royal mummy
113863 | Tomb:1   | Noticed a royal mummy
113863 | Tomb:1   | Noticed a royal mummy
113864 | Tomb:1   | Noticed a royal mummy
113866 | Tomb:1   | Noticed a royal mummy
113870 | Tomb:1   | Killed a royal mummy
113879 | Tomb:1   | Killed a royal mummy
113880 | Tomb:1   | Reached skill level 10 in Stealth
113892 | Tomb:1   | Killed a royal mummy
113893 | Tomb:1   | Killed a royal mummy
113894 | Tomb:1   | Reached skill level 27 in Spellcasting
113900 | Tomb:1   | Killed a royal mummy
113907 | Tomb:1   | Noticed a royal mummy
113914 | Tomb:1   | Killed a royal mummy
113942 | Tomb:1   | Noticed a royal mummy
113945 | Tomb:1   | Killed a royal mummy
114330 | Tomb:3   | Entered Level 3 of the Tomb of the Ancients
114352 | Tomb:3   | Noticed a royal mummy
114360 | Tomb:3   | Killed a royal mummy
114363 | Tomb:3   | Noticed a royal mummy
114375 | Tomb:3   | Killed a royal mummy
114381 | Tomb:3   | Noticed a royal mummy
114382 | Tomb:3   | Noticed a royal mummy
114387 | Tomb:3   | Noticed a royal mummy
114390 | Tomb:3   | Killed a royal mummy
114392 | Tomb:3   | Killed a royal mummy
114548 | Tomb:3   | Noticed a royal mummy
114550 | Tomb:3   | Killed a royal mummy
114551 | Tomb:3   | Killed a royal mummy
114583 | Tomb:3   | Identified the +3 plate armour of Cosanis {rN+++ Slay-4
                  | Stlth+}
114641 | Tomb:3   | Noticed a royal mummy
114644 | Tomb:3   | Killed a royal mummy
114772 | Tomb:3   | Identified the +5 steam dragon scales of the Spheres
                  | {^Drain rElec rF++ rCorr}
114775 | Tomb:3   | Identified the +1 ring mail "Agiammel" {rF- rN+ Str+5}
114782 | Tomb:3   | Identified the +1 rapier of Expedience {vamp, rPois rF+
                  | Will+}
114801 | Tomb:3   | Identified the +9 falchion "Duawicig" {flame, rF+ Will+
                  | Str+4}
114861 | Tomb:3   | Noticed a royal mummy
114948 | Tomb:3   | Killed a royal mummy
114969 | Tomb:3   | Got a golden rune of Zot
115527 | Zot:1    | Entered Level 1 of the Realm of Zot
115811 | Zot:1    | Identified the +1 ring mail "Qocrotze" {Fly rF+++ Dex-5
                  | SInv}
116015 | Zot:2    | Noticed an orb of fire
116038 | Zot:2    | Killed an orb of fire
116401 | Zot:2    | Identified the +3 leather armour "Uhom" {Fly}
116411 | Zot:2    | Noticed an ancient lich
116417 | Zot:2    | Killed an ancient lich
116435 | Zot:2    | Noticed an ancient lich
116441 | Zot:2    | Killed an ancient lich
117048 | Zot:3    | Reached skill level 15 in Stealth
117162 | Zot:3    | You fall into a shaft and drop 1 floor!
117572 | Zot:4    | Noticed an ancient lich
117630 | Zot:4    | Noticed Grunn
117632 | Zot:4    | Killed Grunn
118244 | Zot:4    | Noticed an orb of fire
118245 | Zot:4    | Found a radiant altar of Vehumet.
118247 | Zot:4    | Found a transporter.
118268 | Zot:4    | Noticed an ancient lich
118594 | Zot:4    | Killed an ancient lich
118595 | Zot:4    | Killed an orb of fire
118595 | Zot:4    | Killed an ancient lich
118703 | Zot:4    | Found a transporter.
118746 | Zot:5    | Entered Level 5 of the Realm of Zot
119228 | Zot:5    | Noticed an ancient lich
119231 | Zot:5    | Killed an ancient lich
119233 | Zot:5    | Noticed an orb of fire
119234 | Zot:5    | Noticed an orb of fire
119239 | Zot:5    | Killed an orb of fire
119241 | Zot:5    | Killed an orb of fire
119251 | Zot:5    | Noticed an ancient lich
119357 | Zot:5    | Killed an ancient lich
119436 | Zot:5    | Noticed a dread lich
119440 | Zot:5    | Killed a dread lich
119446 | Zot:5    | Noticed an orb of fire
119450 | Zot:5    | Killed an orb of fire
119774 | Zot:5    | Noticed an orb of fire
119778 | Zot:5    | Killed an orb of fire
119960 | Zot:5    | Noticed an orb of fire
119962 | Zot:5    | Killed an orb of fire
120176 | Zot:5    | Got the Orb of Zot
120488 | D:12     | Noticed Keblehy the pandemonium lord
120492 | D:12     | Killed Keblehy the pandemonium lord
120505 | D:12     | Noticed Xaowkiw the pandemonium lord
120507 | D:12     | Killed Xaowkiw the pandemonium lord
120702 | D:$      | Escaped with the Orb!

Illustrated notes

Levels and vault maps discovered:
D:1:      scummos_arrival_simple_fountains, layout_loops_corners,
          shapermc_ecumenical_altar_rom_forum, grunt_decor_clamped,
          nicolae_the_louvre
D:2:      layout_loops_cross
D:3:      layout_basic, mainiacjoe_overflow_chevrons, supply_closet_lemuel,
          kennysheep_cross_room
D:4:      layout_cave_pools, dreamdust_mushroom_princess,
          chequers_serial_rivers_small_a, uniq_edmund
D:5:      layout_loops_ring, nicolae_hepliaklqana_monster_ancestors
D:6:      layout_rooms, minmay_temple_entry_proselytizer, enter_ossuary_5,
          nicolae_hexahallways, serial_library_hellmonk_semicircle,
          minmay_misc_feat_nine_boxes, uniq_grinder, uniq_menkaure, uniq_maggie
D:7:      layout_cave_pools, gammafunk_ghost_nasty_kobolds, uniq_pikel
D:8:      hangedman_cross_veins, layout_loops_ring
D:9:      layout_basic, david_lair_generic, hex_tiny
D:10:     layout_gridville, mainiacjoe_overflow_swirl, serial_shops,
          nicolae_shop_overgrown_old_shop, shop
D:11:     layout_cave_pools, grunt_dithmenos_smoke_and_mirrors
D:12:     layout_roguey [special_room_orc], orc_0_dummy,
          hellmonk_ghost_big_iron, minmay_guarded_unrand_staff_of_olgreb
D:13:     layout_loops_ring, serial_shops, shop, uniq_sonja
D:14:     minmay_ornate_pinched, layout_gridville, david_vaults_4,
          nicolae_trove_entry_free_sample, reono_crystal_passage
D:15:     gammafunk_depths_entry_grave, layout_loops_ring
Temple:   nicolae_temple_no_exploring_needed
Lair:1:   layout_regular_city, nicolae_volcano_entry_hallway,
          serial_bayou_shore_b, grunt_megastairs_4
Lair:2:   layout_regular_city, st_stairs_12, gammafunk_lair_bear_cave,
          infiniplex_staircase_pool_2, uniq_urug
Lair:3:   onia_ninara_swampy_vault, layout_misc_corridors,
          minmay_swamp_entry_reptiles, minmay_snake_entry_six_corridors,
          gammafunk_ghost_split, evilmike_ambush [evilmike_ambush_outer_basic,
          evilmike_ambush_inner_wall_1], lemuel_fruit_tree, uniq_amaemon
Lair:4:   layout_loops_ring, slime_entry_2, beast_lair_carwin_6
Lair:5:   guppyfry_lair_end_dragon, layout_big_grid, wormcave, uniq_rupert
Swamp:1:  layout_basic_swamp, nicolae_swamp_some_circles, swamp_pool_4,
          nicolae_swamp_frolicking_bunyips, infiniplex_staircase_pool,
          nicolae_swamp_decorative_isthmus
Swamp:2:  layout_falls_marsh, nicolae_swamp_bean_lake
Swamp:3:  layout_basic_swamp, nicolae_swamp_fairy_circle, swamp_pool_3
Swamp:4:  swamp_basic_johnstein, layout_basic_swamp, swamp_pool_3
Snake:1:  layout_grid_maze, basic_altar
Snake:2:  layout_layer_cave, serial_shops, nicolae_take_the_stairs,
          serial_bayou_shore_b, minmay_shop_grove
Snake:3:  layout_honeycomb, basic_altar, nicolae_snake_gridmaze_waves,
          grunt_ministairs_2, minmay_shoptagon
Snake:4:  hellmonk_snake_rune_quicksilver_temple, layout_cave_town,
          portal_ice_cave_entry_pillars_four, serial_shops,
          nicolae_shop_temple_entry_statues_fountains, uniq_vashnia
Slime:1:  layout_caves, cheibrodos_slime_lost_civilization_6
Slime:2:  layout_caves, nicolae_slime_phagocytosis
Slime:3:  cheibrodos_slime_lost_civilization_8, layout_caves
Slime:4:  layout_caves
Slime:5:  slime_pit_nicolae_inversion
Orc:1:    layout_caves, serial_shops, shop, nicolae_orc_flooded_monolith,
          nicolae_orc_stony_grotto
Orc:2:    st_orc_congregation, layout_caves, serial_shops,
          nicolae_shop_behind_doors, nicolae_shop_crystal, shop, shop,
          basic_altar
Elf:1:    elf_arrival_002, layout_loops_cross, minmay_elf_necromancy,
          dk_noncrumbling_2
Elf:2:    nicolae_elf_blades_crystal_corner, layout_geoelf_grid, serial_shops,
          shop
Elf:3:    minmay_elf_hall_curves, layout_geoelf_castle, nrook_loot_triangle
Vaults:1: vaults_mumra_lcd, nicolae_vaults_library_corner,
          nicolae_vaults_big_angled_halls, hangedman_vaults_trim, v_misc_8,
          nicolae_vaults_border_crossing, layout_vaults_chaotic_city,
          serial_shops, shop, uniq_nikola
Vaults:2: v_misc_30, nicolae_vaults_octothorpe, nicolae_vaults_octothorpe,
          minmay_crypt_entry_necro_gods, st_octagons_1, v_misc_10,
          serial_library_hellmonk_big_corner, vaults_dpeg_diagonal,
          layout_vaults_quadrants, serial_shops, nicolae_square_shop, shop,
          shop, shop, nicolae_shop_hallway_plus, uniq_donald
Vaults:3: nicolae_vaults_holding_cells, nicolae_vaults_hallways_thing,
          lightli_orcish_oven, grunt_vaults_funnel,
          nicolae_vaults_storage_closets_3, nicolae_vaults_trapezoid_4,
          vaults_room_boxed, vaults_room_fours, vaults_dpeg_cross, v_misc_1,
          nicolae_vaults_trapezoid_1, hangedman_vaults_corner_blocks,
          nicolae_vaults_tetromino_L_1, layout_vaults_maze_snakey
Vaults:4: nicolae_vaults_trapezoid_lopsided_1, ontoclasm_vaults_bender,
          nicolae_vaults_closet_pinwheel_1, hangedman_vaults_nodes, v_misc_17,
          v_alt_pattern_2, nicolae_vaults_shipping_containers_5,
          hangedman_vaults_maws, nicolae_vaults_cochlea, v_pattern_2, v_misc_8,
          v_misc_13, nicolae_vaults_diamond_1, hangedman_vaults_maws,
          layout_vaults_omnibox
Vaults:5
Crypt:1:  evilmike_wizard_prison, layout_chaotic_city,
          nicolae_crypt_booths_of_the_dead, grunt_crypt_arrival_webbed,
          uniq_saint_roka
Crypt:2:  layout_misc_corridors
Crypt:3:  church_of_pain_bobbens, layout_chaotic_city,
          tomb_entry_simple_bobbens, serial_sigils_hangedman_shear,
          nicolae_crypt_fedhas_prevails, nicolae_crypt_reliquary_box
Tomb:1
Tomb:2
Tomb:3
Depths:1: layout_basic, hangedman_abyss_or_decor_clamps, hell_entry,
          mu_enter_wizlab_7, st_stairs_3, minmay_the_grid_square_5x5_3x3_mashed
          [minmay_the_grid_square_5x5_moneybag,
          minmay_the_grid_square_5x5_six_small, minmay_the_grid_square_5x5_meh,
          minmay_the_grid_square_5x5_empty,
          minmay_the_grid_square_5x5_megaprize_crossed,
          minmay_the_grid_square_5x5_six, minmay_the_grid_square_5x5_n_small,
          minmay_the_grid_square_5x5_doubleslash,
          minmay_the_grid_square_5x5_tri_point]
Depths:2: nzn_winding_woodlands_three_and_one
          [nzn_winding_woodlands_5x15_pockets, nzn_winding_woodlands_5x15_pool,
          nzn_winding_woodlands_5x15_cabin,
          nzn_winding_woodlands_center_garden], layout_cave_pools,
          rand_demon_pan_entry_9, hell_entry, minmay_misc_feat_room,
          lightli_giant_bouncers
Depths:3: dreamdust_cat_pyramid, layout_gridlike, abyss_entry, hell_entry,
          kennysheep_nub, minivault_16, grunt_megastairs_1,
          infiniplex_staircase_zigzag_2
Depths:4: grunt_zot_entry_bicorn, layout_cave_pools, enter_ziggurat_c,
          minmay_misc_feat_iff, hell_entry, eat_drink_and_be_merry_uskayaw,
          uniq_jory, uniq_sojobo, uniq_josephina, uniq_xtahua
Hell
Dis:1:    layout_jigsaw
Dis:2:    layout_jigsaw
Dis:3:    layout_jigsaw, hangedman_dis_decor_tower
Dis:4:    layout_regular_city
Dis:5:    layout_regular_city
Dis:6:    nicolae_dis_hell_towers
Dis:7:    dis_st
Geh:1:    layout_gehenna_lava_caves, nicolae_geh_lava_lounge
Geh:2:    layout_gehenna_lava_caves
Geh:3:    layout_gehenna_pools_triple, nicolae_geh_gnashing_of_teeth
Geh:4:    layout_gehenna_pools_box
Geh:5:    layout_gehenna_lava_caves
Geh:6:    layout_gehenna_lava_caves, nicolae_hells_seeping_fissure
Geh:7:    evilmike_geh
Coc:1:    layout_ice_bergs
Coc:2:    layout_ice_bergs
Coc:3:    layout_cocytus_water_paths
Coc:4:    layout_cocytus_water_paths
Coc:5:    layout_cocytus_water_paths
Coc:6:    layout_cocytus_delve
Coc:7:    coc_dpeg
Tar:1:    layout_grid_maze, nicolae_tar_cuneiform_sun, nicolae_tar_windowcombs
Tar:2:    layout_catacombs, nicolae_tar_spectre_spectrum
Tar:3:    layout_cathedral_of_symmetry
Tar:4:    layout_honeycomb
Tar:5:    layout_grid_maze
Tar:6:    layout_honeycomb
Tar:7:    tar_minmay_river
Zot:1:    layout_onion_interference, bh_zot_ikea_curve, regret_index_zotdec_ex
Zot:2:    hellmonk_crystal_mountain, layout_cellular_growth,
          hangedman_zot_decor_scrapings, lemuel_baited_zot_trap
Zot:3:    layout_gridlike
Zot:4:    gammafunk_sealed_library, layout_cathedral_of_symmetry, uniq_grunn
Zot:5:    layout_concentric_octagons, hangedman_zot_diagonal_lockstep

Skill      XL: |  1  2  3  4  5  6  7  8  9 10 11 12 13 14 15 16 17 18 19 20 21 22 23 24 25 26 27 |
---------------+----------------------------------------------------------------------------------+-----
Long Blades    | 3 4 5 6 7 9 10 11 12 13 15 16 17 18 19 20 21 22 27 | 27.0
Spellcasting   | 2 4 5 7 8 9 10 12 13 14 15 16 27 | 27.0
Dodging        | 2 3 4 5 6 7 8 9 10 11 12 13 14 27 | 27.0
Translocations | 4 5 7 8 9 10 11 12 13 14 15 19 | 19.0
Fighting       | 3 5 6 7 8 9 10 11 12 13 14 16 17 27 | 27.0
Evocations     | 2 4 9 |  9.0
Armour         | 2 4 6 7 25 | 25.4
Necromancy     | 1 3 4 6 |  6.8
Shapeshifting  | 3 9 14 17 20 23 | 23.0
Stealth        | 18 | 18.2
Throwing       | |  0.8

Action                     |  1- 3 |  4- 6 |  7- 9 | 10-12 | 13-15 | 16-18 | 19-21 | 22-24 | 25-27 || total
---------------------------+-------+-------+-------+-------+-------+-------+-------+-------+-------++-------
  Melee: Falchion          |   144 |   164 |   134 |       |       |       |       |       |       ||   442
         Dagger            |     6 |       |       |       |       |       |       |       |       ||     6
         Long sword        |       |       |   104 |       |       |       |       |       |       ||   104
         Scimitar          |       |       |   190 |   756 |   732 |   856 |   751 |       |       ||  3285
         Double sword      |       |       |       |       |   364 |   852 |   842 |  1079 |  8485 || 11622
         Demon blade       |       |       |       |       |       |       |    94 |  1043 |  3801 ||  4938
  Throw: Dart              |       |       |       |       |     2 |     1 |       |       |     2 ||     5
   Cast: Blink             |       |     2 |       |     3 |     1 |       |       |       |     3 ||     9
         Lesser Beckoning  |       |       |     2 |     2 |     1 |     2 |     1 |     1 |     8 ||    17
         Manifold Assault  |       |       |    20 |   214 |   354 |   570 |   583 |   694 |  3862 ||  6297
         Sublimation of Bl |       |       |       |       |     7 |    15 |    97 |   209 |   106 ||   434
         Apportation       |       |       |       |       |       |       |       |       |     2 ||     2
Ability: Invent Gizmo      |       |       |       |       |     1 |       |       |       |       ||     1
  Evoke: Wand              |       |       |     2 |     7 |       |       |     3 |     4 |    10 ||    26
         Phial of floods   |       |       |       |       |     2 |       |     2 |     1 |       ||     5
         Condenser vane    |       |       |       |       |       |       |     1 |       |     1 ||     2
         Phantom mirror    |       |       |       |       |       |       |       |     1 |     3 ||     4
         Box of beasts     |       |       |       |       |       |       |       |       |     1 ||     1
    Use: Scroll            |     3 |     8 |     6 |    12 |     5 |     5 |     9 |     1 |    40 ||    89
         Potion            |       |     2 |     3 |    10 |     1 |     1 |     3 |     6 |    28 ||    54
   Stab: Sleeping          |       |     1 |     1 |       |       |       |       |       |     4 ||     6
         Distracted        |       |       |     1 |       |     3 |     2 |       |     1 |     7 ||    14
         Paralysed         |       |       |       |     5 |       |       |       |       |       ||     5
 Armour: Leather armour    |    63 |    41 |    87 |   162 |    46 |       |       |       |       ||   399
         Swamp dragon scal |       |       |       |       |    62 |   104 |    58 |       |       ||   224
         Quicksilver drago |       |       |       |       |       |       |    55 |   159 |   212 ||   426
         Fire dragon scale |       |       |       |       |       |       |       |       |   683 ||   683
         Robe              |       |       |       |       |       |       |       |       |    69 ||    69
         Steam dragon scal |       |       |       |       |       |       |       |       |    23 ||    23
  Dodge: Dodged            |    57 |    45 |   103 |   138 |   101 |   177 |   131 |   239 |  2581 ||  3572
         Repelled          |       |       |       |       |     8 |    23 |    34 |    27 |    89 ||   181
   Form: Death             |       |       |       |       |       |       |       |       |     9 ||     9
                           |       |       |       |       |       |       |       |       |     8 ||     8

Table legend: (Time is in decaauts)
 A = Elapsed time spent in this place.
 B = Non-inter-level travel time spent in this place.
 C = Inter-level travel time spent in this place.
 D = Time resting spent in this place.
 E = Time spent auto-exploring this place.
 F = Levels seen in this place.
 G = Mean time per level.
                   A        B        C        D        E       F      G
               +--------+--------+--------+--------+--------+-----+--------+
         Total | 173533 | 159896 |  13637 |  48211 |  90430 | 120 | 1446.1 |
       Dungeon |  24415 |  21153 |   3262 |   7027 |  11758 |  15 | 1627.7 |
        Temple |     91 |     78 |     13 |     75 |      0 |   1 |   91.0 |
          Lair |  11047 |   9660 |   1387 |   2649 |   6090 |   5 | 2209.4 |
         Swamp |   8097 |   7823 |    274 |   3244 |   4071 |   4 | 2024.2 |
     Snake Pit |   9593 |   9032 |    561 |   2702 |   5735 |   4 | 2398.2 |
    Slime Pits |   8275 |   7607 |    668 |   2196 |   4119 |   5 | 1655.0 |
  Orcish Mines |   4654 |   4481 |    173 |   2432 |   1679 |   2 | 2327.0 |
   Elven Halls |   6855 |   6510 |    345 |   2007 |   3805 |   3 | 2285.0 |
        Vaults |  13560 |  11657 |   1903 |   2780 |   7567 |   5 | 2712.0 |
         Crypt |   8133 |   7618 |    515 |   1782 |   5009 |   3 | 2711.0 |
          Tomb |   4437 |   3850 |    587 |    882 |   2341 |   3 | 1479.0 |
        Depths |   8937 |   7366 |   1571 |   1961 |   4455 |   4 | 2234.2 |
          Hell |   1348 |    967 |    381 |    173 |    582 |   1 | 1348.0 |
           Dis |   6706 |   6474 |    232 |   2378 |   3492 |   7 |  958.0 |
       Gehenna |   4768 |   4301 |    467 |   1030 |   2556 |   7 |  681.1 |
       Cocytus |   5984 |   5736 |    248 |   2008 |   3307 |   7 |  854.9 |
      Tartarus |   6473 |   6119 |    354 |   1152 |   4079 |   7 |  924.7 |
           Zot |   8189 |   7502 |    687 |    890 |   5853 |   5 | 1637.8 |
         Abyss |    772 |    772 |      0 |      0 |    425 |   4 |  193.0 |
   Pandemonium |  26045 |  26045 |      0 |   7973 |  11898 |  24 | 1085.2 |
       Ossuary |    473 |    473 |      0 |    241 |    112 |   1 |  473.0 |
      Ice Cave |   2351 |   2351 |      0 |   1245 |    902 |   1 | 2351.0 |
       Volcano |   1039 |   1039 |      0 |    706 |    188 |   1 | 1039.0 |
        Wizlab |   1279 |   1279 |      0 |    669 |    402 |   1 | 1279.0 |
               +--------+--------+--------+--------+--------+-----+--------+

Top non-repeatable levels by time:
   Dis:7: 4327 daAuts
 Crypt:1: 4079 daAuts
    D:12: 3854 daAuts
   Tar:7: 3793 daAuts
Vaults:5: 3737 daAuts
Vaults:2: 3067 daAuts
   Elf:3: 2973 daAuts
  Lair:5: 2807 daAuts
 Swamp:4: 2795 daAuts
   Orc:2: 2789 daAuts
   Coc:7: 2787 daAuts
 Snake:4: 2773 daAuts
Depths:4: 2744 daAuts
    D:14: 2661 daAuts
Vaults:1: 2608 daAuts
